 Dungeon Crawl Stone Soup version 0.20-a0-263-g81abdfb (webtiles) character file.

2184 Mefis the Thaumaturge (level 9, -6/45 HPs)
             Began as a Deep Elf Wizard on Dec 4, 2016.
             Was a Believer of Sif Muna.
             Mangled by Duvessa
             ... wielding a +0 short sword
              (11 damage)
             ... on level 7 of the Dungeon.
             The game lasted 00:23:49 (10368 turns).

Mefis the Thaumaturge (Deep Elf Wizard)            Turns: 10368, Time: 00:23:50

Health: -6/45      AC:  3    Str:  4    XL:     9   Next: 11%
Magic:  0/23       EV: 16    Int: 27    God:    Sif Muna [**....]
Gold:   355        SH:  6    Dex: 16    Spells: 9/24 levels left

rFire  . . .     SeeInvis .     a - +2 halberd (venom)
rCold  . . .     Gourm    .     e - +0 robe
rNeg   . . .     Faith    .     (shield currently unavailable)
rPois  .         Spirit   .     h - +0 hat
rElec  .         Reflect  +     (no cloak)
rCorr  .         Harm     .     S - +0 pair of fencer's gloves {+Riposte Dex+3}
MR     .....                    (no boots)
Stlth  ++........               F - +6 amulet of reflection
                                (no ring)
                                (no ring)

@: very slightly contaminated, repel missiles
A: no striking features
a: Divine Energy, Renounce Religion


You were on level 7 of the Dungeon.
You worshipped Sif Muna.
Sif Muna was pleased with you.
You were hungry.

You visited 2 branches of the dungeon, and saw 8 of its levels.
You also visited: Sewer.

You collected 355 gold pieces.

Inventory:

Hand Weapons
 a - a +2 halberd of venom (weapon)
 b - a +0 blowgun
 o - a +0 dagger
 I - a +0 hunting sling
 K - a +1 dagger of venom
Missiles
 q - 50 sling bullets
 u - 49 poisoned needles
 x - 3 needles of paralysis
Armour
 e - a +0 robe (worn)
 h - a +0 hat (worn)
 y - a +0 buckler
 S - the +0 pair of fencer's gloves (worn) {+Riposte Dex+3}
   (You found it on level 6 of the Dungeon)

   It affects your dexterity (+3).
Magical Staves
 U - an uncursed staff of cold
Jewellery
 r - an uncursed amulet of the gourmand
 F - a +6 amulet of reflection (around neck)
 Q - a cursed -2 ring of intelligence {unknown}
Wands
 t - a wand of polymorph (12/24)
 P - a wand of iceblast (6/15)
Scrolls
 i - 2 scrolls of teleportation
 l - 5 scrolls of recharging
 n - 2 scrolls of enchant weapon
 s - 3 scrolls of remove curse
 w - 2 scrolls of amnesia
 z - a scroll of enchant armour {unknown}
 A - 2 scrolls of fog {unknown}
 E - a scroll of fear
 N - 2 scrolls of magic mapping {unknown}
Potions
 j - 4 potions of heal wounds
 k - 2 potions of invisibility {unknown}
 m - 2 potions of degeneration {unknown}
 p - a potion of ambrosia {unknown}
 v - 2 potions of haste {unknown}
 B - a potion of mutation {unknown}
 C - 2 potions of resistance
 D - a potion of cancellation {unknown}
 J - a potion of lignification {unknown}
 L - a potion of magic {unknown}
 M - 2 potions of curing {unknown}
 O - a potion of brilliance {unknown}
 R - a potion of cure mutation {unknown}
Books
 c - a book of Minor Magic

   Spells                             Type                      Level
   a - Magic Dart                     Conjuration                  1
   b - Blink                          Translocation                2
   c - Call Imp                       Summoning                    2
   d - Repel Missiles                 Charms/Air                   2
   e - Slow                           Hexes                        2
   f - Conjure Flame                  Conjuration/Fire             3
   g - Mephitic Cloud                 Conjuration/Poison/Air       3
Comestibles
 d - 6 bread rations
 f - a beef jerky
 g - 4 meat rations
 G - 2 slices of pizza
 H - 5 fruits


   Skills:
 + Level 5.6 Dodging
 - Level 3.4 Stealth
 + Level 2.6 Shields
 * Level 8.4 Spellcasting
 + Level 5.9 Conjurations
 + Level 4.8 Hexes
 - Level 1.1 Charms
 + Level 4.5 Summonings
 - Level 1.1 Translocations
 - Level 0.4 Air Magic
 - Level 0.9 Poison Magic
 + Level 0.4 Invocations
 + Level 4.0 Evocations


You had 9 spell levels left.
You knew the following spells:

 Your Spells              Type           Power        Failure   Level  Hunger
a - Magic Dart            Conj           ####         1%          1    None
b - Call Imp              Summ           #####...     1%          2    None
c - Blink                 Tloc           N/A          6%          2    None
d - Repel Missiles        Chrm/Air       ###...       8%          2    None
e - Mephitic Cloud        Conj/Pois/Air  ###.....     6%          3    None
f - Conjure Flame         Conj/Fire      ####....     4%          3    None
g - Slow                  Hex            #####...     1%          2    None


Dungeon Overview and Level Annotations

Branches:
Dungeon (7/15)             Temple (1/1) D:5

Altars:
Ashenzari
Cheibriados
Dithmenos
Elyvilon
Fedhas
Gozag
Hepliaklqana
Kikubaaqudgha
Makhleb
Nemelex Xobeh
Okawaru
Qazlal
Ru
Sif Muna
Trog
Uskayaw
Vehumet
Xom
Yredelemnul
Zin
The Shining One

Shops:
D:4 (

Annotations:
D:4 Yakui's ghost, amateur HuGl
D:7 Duvessa


Message History

You blink.
You are feeling hungry.
All of the chunks of flesh in your inventory have rotted away.
You hear a shout!
Casting: Blink
Confirm with . or Enter, or press ? or * to list all spells.
Aiming: Conjure Flame
Press: ? - help, Dir - move target cursor, p - Duvessa You miscast Conjure Flame.
You are very lightly contaminated with residual magic.
Wisps of smoke drift from your hands. Duvessa hits you with a short sword!
* * * LOW HITPOINT WARNING * * *
Casting: Conjure Flame
Confirm with . or Enter, or press ? or * to list all spells.
You blink.
Duvessa hits you with a short sword.
* * * LOW HITPOINT WARNING * * *
Casting: Blink
Confirm with . or Enter, or press ? or * to list all spells.
You blink.
Duvessa hits you with a short sword!
You die...

# ######.#
#######......#
#...@e.§...###
#...####.##.#
#.#. #.##.# #
#.##.#
#.##e#######
#.##.##...§...#
........#####.#
#.#..)..#
#.###) ##.†..#
#.....


You could see Duvessa (berserk).

Vanquished Creatures
  Eustachio (D:6)
  A steam dragon (D:5)
  A water moccasin (D:6)
  3 sky beasts
  An ice beast (D:6)
  An ogre (D:6)
  A phantom (D:6)
  2 centaurs (D:6)
  A bullfrog (D:6)
  A scorpion (D:4)
  Dowan (D:7)
  3 crimson imps
  A hound (D:4)
  4 orc priests
  6 orc wizards
  4 iguanas
  5 worker ants
  A hound zombie (D:6)
  4 gnolls (D:2)
  12 adders
  2 river rats
  A shadow imp (D:6)
  An adder skeleton (D:6)
  An adder zombie (D:5)
  7 worms
  4 leopard geckos
  21 orcs
  10 bats
  5 giant cockroaches
  10 goblins
  4 hobgoblins
  14 jackals
  3 quokkas
  6 ball pythons
  A ball python zombie (D:5)
  14 frilled lizards
  A jackal skeleton (D:5)
  11 kobolds
  A leopard gecko skeleton (D:4)
  14 rats
185 creatures vanquished.

Vanquished Creatures (others)
  2 fungi (D:5)
2 creatures vanquished.

Grand Total: 187 creatures vanquished

Notes
Turn   | Place    | Note
-------+----------+-------------------------------------------
     0 | D:1      | Mefis the Deep Elf Wizard began the quest for the Orb.
     0 | D:1      | Reached XP level 1. HP: 10/10 MP: 7/7
   415 | D:1      | Reached XP level 2. HP: 15/15 MP: 5/9
   462 | D:1      | Learned a level 2 spell: Call Imp
   465 | D:1      | Learned a level 2 spell: Blink
   468 | D:1      | Learned a level 2 spell: Repel Missiles
   604 | D:1      | Reached skill level 5 in Spellcasting
   901 | D:1      | Reached skill level 1 in Charms
  1154 | D:2      | Reached XP level 3. HP: 5/19 MP: 2/11
  1159 | D:2      | Learned a level 3 spell: Mephitic Cloud
  2014 | D:2      | Reached XP level 4. HP: 5/24 MP: 3/13
  2245 | D:2      | Learned a level 3 spell: Conjure Flame
  3208 | D:3      | Reached XP level 5. HP: 22/28 MP: 4/15
  3216 | D:3      | Learned a level 2 spell: Slow
  3933 | D:4      | Noticed Yakui's ghost (amateur HuGl)
  4024 | D:4      | Reached skill level 6 in Spellcasting
  4131 | D:4      | Reached skill level 1 in Evocations
  4213 | D:4      | Reached skill level 1 in Hexes
  4395 | D:4      | Reached XP level 6. HP: 3/32 MP: 2/17
  5037 | D:4      | Noticed a sky beast
  5049 | D:4      | Killed a sky beast
  5049 | D:4      | Reached skill level 1 in Shields
  5674 | D:4      | Reached XP level 7. HP: 36/36 MP: 9/18
  5766 | D:4      | Found Hoerofab's Antique Weapon Shop.
  6416 | D:5      | Entered Level 5 of the Dungeon
  6416 | D:5      | Found a staircase to the Ecumenical Temple.
  6420 | Temple   | Entered the Ecumenical Temple
  6518 | Temple   | Became a worshipper of Sif Muna the Loreminder
  7297 | D:5      | Noticed a steam dragon
  7299 | D:5      | Noticed a steam dragon
  7356 | D:5      | Killed a steam dragon
  7693 | D:6      | Found a glowing drain.
  7765 | Sewer    | Entered a sewer
  7842 | Sewer    | Reached * piety under Sif Muna
  7842 | Sewer    | Reached skill level 7 in Spellcasting
  8521 | D:6      | Reached XP level 8. HP: 41/41 MP: 13/20
  8801 | D:6      | Reached skill level 5 in Conjurations
  8855 | D:6      | Reached skill level 5 in Dodging
  9004 | D:6      | Noticed Eustachio
  9226 | D:6      | Killed Eustachio
  9852 | D:6      | Reached ** piety under Sif Muna
  9852 | D:6      | Reached skill level 8 in Spellcasting
  9986 | D:6      | Reached XP level 9. HP: 45/45 MP: 13/23
 10304 | D:7      | Noticed Dowan
 10306 | D:7      | Noticed Duvessa
 10337 | D:7      | Killed Dowan
 10368 | D:7      | Mangled by Duvessa

Vault maps used:
D:1:      zaba_arrival_water, st_stairs_11, minmay_door_square,
          interstate_on_off
D:2:      first_bread, minmay_tetromino_i4
D:4:      wad_river_or_something, serial_shops, nicolae_shop_window_shopping,
          grunt_ministairs_8
D:5:      kennysheep_steamy, minmay_stone_trees_medium
D:6:      portal_sewer_entry_b, uniq_eustachio
D:7:      uniq_duvessa
Temple:   kilobyte_greek_temple
Sewer:    sewer_co_scattered_pipes

Skill      XL: |  1  2  3  4  5  6  7  8 |
---------------+-------------------------+-----
Spellcasting   | 5 6 7 8 |  8.4
Charms         | 1 |  1.1
Dodging        | 3 4 5 |  5.6
Stealth        | 3 |  3.4
Conjurations   | 2 3 4 5 |  5.9
Evocations     | 1 2 4 |  4.0
Hexes          | 1 2 3 4 |  4.8
Shields        | 1 2 |  2.6
Summonings     | 2 3 4 |  4.5
Translocations | |  1.1
Air Magic      | |  0.4
Poison Magic   | |  0.9
Invocations    | |  0.4

Action                   |  1- 3 |  4- 6 |  7- 9 || total
-------------------------+-------+-------+-------++-------
Melee: Dagger            |     6 |    16 |       ||    22
       Halberd           |       |    17 |    26 ||    43
 Fire: Hunting sling     |       |    20 |       ||    20
       Blowgun           |       |       |    18 ||    18
 Cast: Magic Dart        |   111 |   201 |   310 ||   622
       Repel Missiles    |     1 |       |     2 ||     3
       Conjure Flame     |       |     4 |     3 ||     7
       Mephitic Cloud    |       |     7 |    17 ||    24
       Call Imp          |       |       |     1 ||     1
       Blink             |       |       |     9 ||     9
Invok: Divine Energy     |       |       |     2 ||     2
       Stop Divine Energ |       |       |     2 ||     2
  Use: Scroll            |       |     6 |     4 ||    10
  Eat: Chunk             |     3 |    19 |     8 ||    30
Armor: Robe              |     6 |     8 |     3 ||    17
Dodge: Dodged            |    22 |    54 |    36 ||   112
       Deflected         |       |       |     3 ||     3
Block: Other             |       |     1 |    19 ||    20
       Reflection        |       |       |     2 ||     2
       Rpst.: Halberd    |       |       |     1 ||     1
